 Dungeon Sprint DCSS version 0.31.0-9-g3a7656b989 (webtiles) character file.

Game seed: 1815641284994110452

2300 Heoruswealwe the Impaler (level 9, -10/93 HPs)
             Began as a Minotaur Fighter on Feb 5, 2024.
             Was an Initiate of Gozag.
             Mangled by a cyan ugly thing (12 damage)
             ... in the Dungeon (Sprint IX: "|||||||||||||||||||||||||||||").
             The game lasted 00:02:12 (193 turns).

Heoruswealwe the Impaler (Minotaur Fighter)          Turns: 193, Time: 00:02:13

Health: -10/93     AC: 21    Str: 25    XL:     9   Next: 17%
Magic:  8/8        EV: 10    Int:  5    God:    Gozag
Gold:   603        SH:  0    Dex: 10    Spells: 8/8 levels left

rFire   . . .        b - +2 halberd (protect)
rCold   . . .        (shield currently unavailable)
rNeg    . . .        c - +1 scale mail
rPois   .            (helmet restricted)
rElec   .            (no cloak)
rCorr   .            f - +0 pair of gloves
SInv    .            (no boots)
Will    .....        (no amulet) Stlth
                     k - +2 ring of protection
HPRegen 0.35/turn    (no ring)
MPRegen 0.11/turn

%: no teleportation
@: gold aura, under a protective aura
A: horns 2, retaliatory headbutt
a: Renounce Religion, Potion Petition, Call Merchant, Bribe Branch


You were in the Dungeon.
You worshipped Gozag.
Gozag was pleased with you.
You visited 1 branch You collected 603 gold pieces.

Inventory:

Hand Weapons
 a - a +0 trident
 b - a +2 halberd of protection (weapon)
Armour
 c - a +1 scale mail (worn)
 d - a +0 buckler
 f - a +0 pair of gloves (worn)
Jewellery
 k - a +2 ring of protection (left hand)
Wands
 h - a wand of iceblast (10)
Scrolls
 j - 2 scrolls of blinking
Potions
 e - 5 potions of curing
 g - a potion of haste
 i - a potion of berserk rage
 l - 2 potions of heal wounds
 m - a potion of might


   Skills:
 + Level 13.0 Fighting
 * Level 17.4 Polearms
 + Level 13.0 Armour
 - Level 3.6 Shields


You had 8 spell levels left.
You didn't know any spells.
Your spell library was empty.

Dungeon Overview and Level Annotations

Branches:
Dungeon (1/1)

Altars:
Cheibriados
Dithmenos
Elyvilon
Fedhas
Gozag
Hepliaklqana
Kikubaaqudgha
Makhleb
Nemelex Xobeh
Okawaru
Qazlal
Ru
Sif Muna
Trog
Uskayaw
Vehumet
Wu Jian
Xom
Yredelemnul
Zin
The Shining One
Jiyva
Lugonu


Innate Abilities, Weirdness & Mutations

You have a pair of horns on your head.
You reflexively headbutt those who attack you in melee.


Message History

The purple ugly thing is almost dead.
The purple ugly thing barely misses you.
You puncture the purple ugly thing!
You kill the purple ugly thing!
Your Polearms skill increases to level 17!
You have reached level 9!
Your experience leads to an increase in your attributes!
Increase (S)trength, (I)ntelligence, or (D)exterity?
You feel stronger. x2
You hit the slime creature.
The slime creature is lightly wounded.
You slash the slime creature!
The slime creature is moderately wounded.
The slime creature barely misses you. You furiously retaliate!
You headbutt the slime creature! You slash the slime creature!
The slime creature is heavily wounded.
The slime creature hits you.
You impale the slime creature!! You headbutt the slime creature.
The slime creature is almost dead.
You impale the slime creature!!
You kill the slime creature!
Your Fighting skill increases to level 13!
Your Armour skill increases to level 13!
You puncture the cyan ugly thing!
The cyan ugly thing is moderately wounded.
The centaur warrior is distracted by your dazzling golden aura.
You hit the cyan ugly thing but do no damage.
You headbutt the cyan ugly thing!
The cyan ugly thing is moderately wounded.
The cyan ugly thing bites you! The cyan ugly thing shocks you!
* * * LOW HITPOINT WARNING * * *
You hit the cyan ugly thing but do no damage.
You headbutt the cyan ugly thing!
The cyan ugly thing is heavily wounded.
The cyan ugly thing bites you!
* * * LOW HITPOINT WARNING * * *
The cyan ugly thing shocks you!
You die...
Your body crumbles into a pile of gold. ▓▓▓▓▓▓▓▓▓▓▓▓▓▓▓▓▓▓▓▓▓▓▓▓ ..yzc.u@.....)...[=[)?!' ▓▓▓▓▓▓▓▓▓▓▓▓▓▓▓▓▓▓▓▓▓▓▓▓

You could see a cyan ugly thing, a centaur warrior, a vampire mosquito and a laughing skull.

Vanquished Creatures
  2 two-headed ogres (D)
  An ugly thing (D)
  A troll (D)
  A slime creature (D)
  2 orc warriors (D)
  A kobold brigand (D)
  2 iguanas (D)
  A gnoll (D)
  An adder (D)
  A dart slug (D)
  A bat (D)
  A jackal (D)
  2 kobolds (D)
  A quokka (D)
18 creatures vanquished.

Notes
Turn   | Place    | Note
-------+----------+-------------------------------------------
     0 | D        | Heoruswealwe the Minotaur Fighter began the quest for the
                  | Orb.
     0 | D        | Reached XP level 1. HP: 19/19 MP: 0/0
     6 | D        | Reached skill level 3 in Polearms
    18 | D        | Reached skill level 4 in Polearms
    33 | D        | Noticed an iguana
    33 | D        | Noticed an iguana
    36 | D        | Reached XP level 2. HP: 28/28 MP: 1/1
    38 | D        | Reached skill level 5 in Polearms
    46 | D        | Reached skill level 5 in Fighting
    46 | D        | Reached skill level 6 in Polearms
    46 | D        | Reached skill level 5 in Armour
    46 | D        | Reached XP level 3. HP: 26/36 MP: 2/2
    51 | D        | Reached skill level 7 in Polearms
    51 | D        | Reached XP level 4. HP: 31/44 MP: 3/3
    56 | D        | Found a snail-covered altar of Cheibriados.
    56 | D        | Found a shadowy altar of Dithmenos.
    56 | D        | Found a white marble altar of Elyvilon.
    56 | D        | Found a blossoming altar of Fedhas.
    56 | D        | Found an opulent altar of Gozag.
    57 | D        | Found a hazy altar of Hepliaklqana.
    58 | D        | Found a viscous altar of Jiyva.
    59 | D        | Found an ancient bone altar of Kikubaaqudgha.
    60 | D        | Found a corrupted altar of Lugonu.
    61 | D        | Found a burning altar of Makhleb.
    62 | D        | Found a sparkling altar of Nemelex Xobeh.
    63 | D        | Found an iron altar of Okawaru.
    64 | D        | Became a worshipper of Gozag Ym Sagoz the Greedy
    65 | D        | Found a stormy altar of Qazlal.
    66 | D        | Found a sacrificial altar of Ru.
    67 | D        | Found a shimmering blue altar of Sif Muna.
    68 | D        | Found a bloodstained altar of Trog.
    69 | D        | Found a hide-covered altar of Uskayaw.
    70 | D        | Found a radiant altar of Vehumet.
    71 | D        | Found an ornate altar of the Wu Jian Council.
    72 | D        | Found a shimmering altar of Xom.
    73 | D        | Found a basalt altar of Yredelemnul.
    74 | D        | Found a glowing silver altar of Zin.
    75 | D        | Found a glowing golden altar of the Shining One.
   134 | D        | Noticed an orc warrior
   134 | D        | Noticed a kobold brigand
   134 | D        | Noticed an orc warrior
   134 | D        | Noticed a two-headed ogre
   134 | D        | Noticed a two-headed ogre
   134 | D        | Noticed a troll
   137 | D        | Killed a troll
   138 | D        | Reached skill level 11 in Polearms
   138 | D        | Reached XP level 5. HP: 37/56 MP: 4/4
   138 | D        | Reached XP level 6. HP: 41/62 MP: 5/5
   143 | D        | Killed a two-headed ogre
   144 | D        | Reached skill level 10 in Fighting
   144 | D        | Reached skill level 14 in Polearms
   144 | D        | Reached skill level 10 in Armour
   144 | D        | Reached XP level 7. HP: 29/73 MP: 6/6
   149 | D        | Killed a two-headed ogre
   150 | D        | Reached skill level 15 in Polearms
   150 | D        | Reached XP level 8. HP: 34/83 MP: 7/7
   160 | D        | Reached skill level 16 in Polearms
   181 | D        | Noticed a centaur warrior
   181 | D        | Noticed a cyan ugly thing
   181 | D        | Noticed a slime creature
   181 | D        | Noticed a purple ugly thing
   185 | D        | Killed a purple ugly thing
   186 | D        | Reached skill level 17 in Polearms
   186 | D        | Reached XP level 9. HP: 41/92 MP: 8/8
   193 | D        | HP: 2/93 [cyan ugly thing (12)]
   193 | D        | Mangled by a cyan ugly thing

Illustrated notes

Levels and vault maps discovered:
D:        linesprint [early_d, line_temple, items_1, d_10, items_2, lair_1,
          lair_end, items_3, orc_1, orc_end, items_4, d_15, swamp_1, shoals_1,
          snake_1, spider_1, d_20, vaults_1, items_5, swamp_end, shoals_end,
          snake_end, spider_end, vaults_end, d_27, items_6, zot_1, zot_end,
          crypt_end, forest_end, elf_end, slime_end, tomb_end, abyss_end,
          pan_hell_end]

Skill      XL: |  1  2  3  4  5  6  7  8  9 |
---------------+----------------------------+-----
Polearms       | 4 6 7 11 14 15 17 | 17.4
Fighting       | 4 5 6 8 10 11 12 13 | 13.0
Armour         | 4 5 6 8 10 11 12 13 | 13.0
Shields        | |  3.6

Action                     |  1- 3 |  4- 6 |  7- 9 || total
---------------------------+-------+-------+-------++-------
  Melee: Trident           |    29 |       |       ||    29
         Headbutt          |     5 |     4 |     7 ||    16
         Halberd           |       |     8 |    31 ||    39
    Use: Potion            |       |     1 |       ||     1
 Armour: Scale mail        |    14 |     9 |    10 ||    33
  Dodge: Dodged            |    13 |     5 |    15 ||    33
  Block: Buckler           |     8 |       |       ||     8
